 Dungeon Crawl Stone Soup version 0.31.0-9-g3a7656b989 (webtiles) character file.

Game seed: 14398508234612161731

1437 James the Cutter (level 8, -1/43 HPs)
             Began as a Vine Stalker Fighter on Jan 24, 2024.
             Slain by an ogre
             ... wielding a +0 giant club
              (14 damage)
             ... on level 5 of the Dungeon.
             The game lasted 00:15:48 (4677 turns).

James the Cutter (Vine Stalker Fighter)             Turns: 4677, Time: 00:15:48

Health: -1/43      AC: 10    Str: 20    XL:     8   Next: 74%
Magic:  0/9        EV:  9    Int:  8    God:
Gold:   448        SH:  5    Dex: 15    Spells: 7/7 levels left

rFire   . . .        b - +1 short sword (venom)
rCold   . . .        c - +0 buckler
rNeg    . . .        F - +0 scale mail
rPois   .            (no helmet)
rElec   .            A - +0 cloak
rCorr   .            S - +1 pair of gloves
SInv    .            (no boots)
Will    +....        (no amulet) Stlth
                     (no ring)
HPRegen 1.07/turn    (no ring)
MPRegen 0.11/turn

%: guardian spirit
@: no status effects
A: fangs 3, regeneration 1, magic shield, antimagic bite, no potion heal 2
a: no special abilities


You were on level 5 of the Dungeon.
You visited 1 branch of the dungeon, and saw 7 of its levels.
You also visited: Ossuary.

You collected 448 gold pieces.

Inventory:

Hand Weapons
 a - a +6 short sword
   (You took it off an orc on level 4 of the Dungeon)
 b - a +1 short sword of venom (weapon)
   (You took it off an orc on level 3 of the Dungeon)
 q - a +2 spear of freezing
   (You found it on level 3 of the Dungeon)
 x - a +0 long sword
   (You found it on level 2 of the Dungeon)
 M - a +0 sling
   (You found it on level 2 of the Dungeon)
 N - a +0 trident
   (You found it on level 7 of the Dungeon)
 W - a +0 rapier
 Z - a +2 dagger of speed
   (You took it off Ijyb on level 4 of the Dungeon)
Missiles
 g - 18 stones (quivered)
 G - 2 boomerangs
 I - 5 poisoned darts
Armour
 c - a +0 buckler (worn)
 e - an orb of light
   (You found it on level 1 of the Dungeon)
 h - a +0 robe
   (You found it on level 1 of the Dungeon)
 m - a +0 robe
   (You found it on level 1 of the Dungeon)
 v - a +0 scale mail
   (You found it on level 2 of the Dungeon)
 A - a +0 cloak (worn)
   (You found it on level 3 of the Dungeon)
 B - an orb of light
   (You found it on level 3 of the Dungeon)
 D - a +0 ring mail
   (You found it on level 3 of the Dungeon)
 E - a +0 robe
   (You found it on level 3 of the Dungeon)
 F - a +0 scale mail (worn)
 J - a +0 ring mail
   (You found it on level 7 of the Dungeon)
 L - a +0 leather armour
   (You took it off an orc on level 7 of the Dungeon)
 S - a +1 pair of gloves (worn)
   (You found it on level 4 of the Dungeon)
 X - a +0 ring mail
   (You took it off Ijyb on level 4 of the Dungeon)
Magical Staves
 Q - a staff of death
   (You found it on level 4 of the Dungeon)
Jewellery
 k - a ring of ice
   (You found it on level 1 of the Dungeon)
 w - an amulet of faith {!P}
   (You found it on level 2 of the Dungeon)
Talismans
 i - a beast talisman
   (You found it on level 1 of the Dungeon)
Wands
 d - a wand of iceblast (13)
   (You took it off Ijyb on level 4 of the Dungeon)
 t - a wand of flame (9)
   (You found it on level 7 of the Dungeon)
 u - a wand of paralysis (11)
   (You found it on level 4 of the Dungeon)
 z - a wand of mindburst (2)
   (You found it on level 3 of the Dungeon)
Scrolls
 f - a scroll of enchant armour {unknown}
 j - 4 scrolls of identify {unknown}
 l - a scroll of teleportation {unknown}
 o - a scroll of revelation {unknown}
 p - a scroll of fog {unknown}
 r - a scroll of torment {unknown}
 y - a scroll of noise {unknown}
 K - a scroll of blinking {unknown}
 T - 2 scrolls of immolation {unknown}
 V - a scroll of fear {unknown}
Potions
 n - a potion of invisibility {unknown}
 s - a potion of mutation {unknown}
 C - 3 potions of heal wounds {unknown}
 H - a potion of magic {unknown}
 O - 2 potions of enlightenment {unknown}
 P - a potion of brilliance {unknown}
 R - a potion of resistance {unknown}
 U - 2 potions of degeneration {unknown}
 Y - 2 potions of might


   Skills:
 - Level 5.0 Fighting
 * Level 6.9 Short Blades
 - Level 4.0 Armour
 - Level 5.0 Shields


You had 7 spell levels left.
You didn't know any spells.
Your spell library contained the following spells:

 Spells                   Type           Power      Damage    Failure   Level
 Apportation              Tloc           0%         N/A       83%         1
 Jinxbite                 Hex            0%         N/A       92%         2
 Manifold Assault         Tloc           0%         N/A       100%        4
 Alistair's Intoxication  Alch           0%         N/A       100%        5
 Dispersal                Tloc           0%         N/A       100%        6
 Disjunction              Tloc           0%         N/A       100%        8


Dungeon Overview and Level Annotations

Branches:
Dungeon (7/15)            Ossuary (visited)
 Temple: D:4-7

Altars:
Gozag
Okawaru
Ru
Vehumet

Shops:
D:5 =


Innate Abilities, Weirdness & Mutations

You have razor-sharp teeth.
Your natural rate of healing is unusually fast.
When hurt, damage is shared between your health and your magic reserves.
Your bite disrupts and absorbs the magic of your enemies.
Potions cannot restore your health.


Message History

You closely miss the scorpion.
You bite the scorpion, but do no damage.
You block the scorpion's attack.
You closely miss the scorpion. Your bite misses the scorpion.
You hit the scorpion.
The scorpion looks as sick as possible!
You kill the scorpion!
Training target 5.0 for Shields reached!
Training target 5.0 for Fighting reached!
Your Fighting skill increases to level 5!
Your Shields skill increases to level 5!
Your movement speed is average.
Your attack delay is about 0.6.
Your damage rating with your +1 short sword of venom is about 7 (Base 5 x 112% (Dex) x 122% (Skill) + 1 (Ench)).
Unknown command.
Unknown command.
Search for what [Enter for "."]? armour Unknown command.
You see here a scorpion corpse.
There is a stone staircase leading up here.
There is a stone staircase leading down here.
A scorpion comes into view.
You barely miss the scorpion. Your bite misses the scorpion.
You block the scorpion's attack.
You hit the scorpion. Your bite misses the scorpion.
You block the scorpion's attack.
You hit the scorpion.
The scorpion is poisoned.
You bite the scorpion! You drain its power.
You hit the scorpion but do no damage.
The scorpion looks even sicker.
You bite the scorpion, but do no damage.
The scorpion closely misses you.
You closely miss the scorpion. Your bite misses the scorpion.
The scorpion stings you but does no damage.
You hit the scorpion.
The scorpion looks as sick as possible!
You kill the scorpion!
No target in view!
Found a quarterstaff.
An ogre comes into view. It is wielding a +0 giant club.
The ogre shouts!
You barely miss the ogre.
The ogre hits you with a +0 giant club!!
You hit the ogre.
The ogre is poisoned.
You bite the ogre. You drain its power.
You feel invigorated.
You barely miss the ogre. The ogre barely misses you.
You hit the ogre. Your bite misses the ogre. You hit the ogre.
The ogre looks as sick as possible!
You hit the ogre.
The ogre looks as sick as possible!
The ogre hits you with a +0 giant club!!
Ouch! That really hurt!
* * * LOW HITPOINT WARNING * * *
The ogre attacks as it pursues you! The ogre hits you with a +0 giant club!
You die...

####### ##
.......#.# #.# #.#
#.# #O#
#############
###@####............
#.....##........####
#.....##............
#.........#####.####
#.....##..####...###
#.....##..##........
#.#.......##.#...###
#.#######.##.##.####
#.# ###..........#


You could see an ogre (extremely poisoned).

Vanquished Creatures
  A hornet (D:7)
  A sky beast (D:7)
  A centaur (D:5)
  2 ogres (D:4)
  A weeping skull (Ossuary)
  3 scorpions
  A burial acolyte (Ossuary)
  2 human zombies (Ossuary)
  A bombardier beetle (D:4)
  4 hounds
  5 iguanas
  3 orc wizards
  Ijyb (D:4)
  2 mummies (Ossuary)
  A howler monkey zombie (Ossuary)
  3 adders
  2 white imps (D:5)
  A dart slug (D:1)
  11 orcs
  5 bats
  4 endoplasms
  A giant cockroach (D:4)
  A gnoll zombie (Ossuary)
  4 goblins
  5 hobgoblins
  2 jackals (D:3)
  A quokka (D:4)
  6 ball pythons
  3 frilled lizards
  6 kobolds
  A kobold zombie (Ossuary)
  A rat (D:1)
86 creatures vanquished.

Notes
Turn   | Place    | Note
-------+----------+-------------------------------------------
     0 | D:1      | James the Vine Stalker Fighter began the quest for the Orb.
     0 | D:1      | Reached XP level 1. HP: 11/11 MP: 2/2
   104 | D:1      | Reached skill level 2 in Short Blades
   307 | D:1      | Reached XP level 2. HP: 16/16 MP: 3/3
   820 | D:2      | Reached skill level 3 in Short Blades
   969 | D:2      | Reached XP level 3. HP: 19/19 MP: 4/4
  1244 | D:3      | Found a sacrificial altar of Ru.
  1335 | D:3      | Noticed a scorpion
  1349 | D:3      | Killed a scorpion
  1350 | D:3      | Reached skill level 4 in Short Blades
  1350 | D:3      | Reached XP level 4. HP: 7/23 MP: 2/5
  1383 | D:3      | Found a faded altar of an unknown god.
  1429 | D:3      | Reached XP level 5. HP: 24/27 MP: 4/6
  1802 | D:4      | You fall into a shaft and drop 3 floors!
  1809 | D:7      | Noticed a hornet
  1817 | D:7      | Killed a hornet
  1818 | D:7      | Reached skill level 5 in Short Blades
  1818 | D:7      | Reached XP level 6. HP: 21/32 MP: 4/7
  1860 | D:7      | Found an iron altar of Okawaru.
  1863 | D:7      | Noticed a sky beast
  1878 | D:7      | Killed a sky beast
  2021 | D:6      | Reached XP level 7. HP: 35/37 MP: 8/8
  2167 | D:5      | Entered Level 5 of the Dungeon
  2312 | D:5      | Found a sand-covered staircase.
  2329 | Ossuary  | Entered an ossuary
  2329 | Ossuary  | Found a huge runed translucent gate.
  2329 | Ossuary  | Found a huge runed translucent gate.
  2329 | Ossuary  | Found a huge runed translucent gate.
  2329 | Ossuary  | Found a huge runed translucent gate.
  2329 | Ossuary  | Found a huge runed translucent gate.
  2329 | Ossuary  | Found a huge runed translucent gate.
  2329 | Ossuary  | Found a huge runed translucent gate.
  2329 | Ossuary  | Found a huge runed translucent gate.
  2343 | Ossuary  | Found a huge runed translucent gate.
  2343 | Ossuary  | Found a huge runed translucent gate.
  2343 | Ossuary  | Found a huge runed translucent gate.
  2344 | Ossuary  | Found a huge runed translucent gate.
  2344 | Ossuary  | Found a huge runed translucent gate.
  2346 | Ossuary  | Found a huge runed translucent gate.
  2346 | Ossuary  | Found a huge runed translucent gate.
  2348 | Ossuary  | Found a huge runed translucent gate.
  2348 | Ossuary  | Found a huge runed translucent gate.
  2348 | Ossuary  | Found a huge runed translucent gate.
  2348 | Ossuary  | Found a huge runed translucent gate.
  2354 | Ossuary  | Found a huge runed translucent gate.
  2401 | Ossuary  | Found a huge runed translucent gate.
  2402 | Ossuary  | Found a huge runed translucent gate.
  2403 | Ossuary  | Found a huge runed translucent gate.
  2403 | Ossuary  | Found a huge runed translucent gate.
  2403 | Ossuary  | Found a huge runed translucent gate.
  2403 | Ossuary  | Found a huge runed translucent gate.
  2403 | Ossuary  | Found a huge runed translucent gate.
  2403 | Ossuary  | Found a huge runed translucent gate.
  2548 | Ossuary  | Found a huge runed translucent gate.
  2548 | Ossuary  | Found a huge runed translucent gate.
  2549 | Ossuary  | Found a huge runed translucent gate.
  2549 | Ossuary  | Found a huge runed translucent gate.
  2549 | Ossuary  | Found a huge runed translucent gate.
  2549 | Ossuary  | Found a huge runed translucent gate.
  2549 | Ossuary  | Found a huge runed translucent gate.
  2856 | D:4      | Found an opulent altar of Gozag.
  3015 | D:4      | Gained mutation: You have razor-sharp teeth. [Vine Stalker
                  | growth]
  3015 | D:4      | Reached XP level 8. HP: 40/42 MP: 6/9
  3202 | D:4      | Noticed Ijyb
  3232 | D:4      | Killed Ijyb
  3307 | D:4      | Found a radiant altar of Vehumet.
  3321 | D:4      | Reached skill level 6 in Short Blades
  4071 | D:5      | Found Xonottier's Jewellery Boutique.
  4370 | D:5      | Reached skill level 5 in Fighting
  4370 | D:5      | Reached skill level 5 in Shields
  4677 | D:5      | Slain by an ogre

Illustrated notes

Levels and vault maps discovered:
D:1:      nzn_arrival_depleted_hourglass, layout_basic
D:2:      layout_rooms
D:3:      layout_rooms, mainiacjoe_overflow_six_doors_small,
          shapermc_ecumenical_altar_mp_urbaneastern, grunt_ministairs_5
D:4:      layout_layer_cave, lemuel_doored_altar,
          mainiacjoe_overflow_tiny_flanked, serial_library_hellmonk_room_c,
          uniq_ijyb
D:5:      layout_loops_ring, dancing_weapons_uskayaw,
          nicolae_ossuary_entry_plus, serial_shops, shop
D:6:      layout_basic
D:7:      layout_loops_cross, old_standard_altar,
          nicolae_overflow_hidden_temple, minmay_temple_entry_from_below_a,
          serial_shops, nicolae_shop_drivethru, shop, hangedman_minor_gate_pass

Skill      XL: |  1  2  3  4  5  6  7  8 |
---------------+-------------------------+-----
Short Blades   | 2 3 4 5 6 |  6.9
Fighting       | 3 4 5 |  5.0
Armour         | 3 4 |  4.0
Shields        | 3 4 5 |  5.0

Action                     |  1- 3 |  4- 6 |  7- 9 || total
---------------------------+-------+-------+-------++-------
  Melee: Rapier            |    76 |    33 |    97 ||   206
         Bite              |    13 |    16 |    76 ||   105
         Short sword       |       |    20 |   134 ||   154
  Throw: Stone             |     4 |       |       ||     4
         Dart              |       |     5 |     8 ||    13
  Evoke: Wand              |     2 |     3 |       ||     5
    Use: Potion            |     2 |       |       ||     2
 Armour: Scale mail        |    48 |    29 |   137 ||   214
  Dodge: Dodged            |    38 |    13 |    58 ||   109
  Block: Buckler           |    20 |     9 |    30 ||    59
